[Event "Titled Tuesday Blitz December 06 Early 2022"]
[White "Wieczorek, Zbigniew"]
[Black "Itgelt, Khuyagtsogt"]
[WhiteFideId "1102001"]
[BlackFideId "4902912"]
[WhiteElo "2241"]
[BlackElo "2227"]
[Result "0-1"]
[Round "01"]
[TimeControl "180+1"]
[Date "2022.12.07"]
[WhiteClock "0:00:03"]
[BlackClock "0:00:55"]

1. Nf3 Nf6 2. g3 d5 3. Bg2 e6 4. d3 Be7 5. O-O O-O 6. Nbd2 Nc6 7. e4 e5 8. exd5 Nxd5 9. c3 Nb6 10. Qe2 f6 11. a4 a5 12. Ne4 Be6 13. Be3 Re8 14. Nc5 Bxc5 15. Bxc5 Nd5 16. Rfd1 Qd7 17. Qf1 b6 18. Ba3 Bf7 19. Nd2 Rad8 20. Ne4 Bh5 21. Re1 Nde7 22. d4 exd4 23. Bxe7 Rxe7 24. Nxf6+ gxf6 25. Qc4+ Bf7 26. Qxc6 Qxc6 27. Bxc6 Rxe1+ 28. Rxe1 d3 29. Rd1 d2 30. Bf3 Bb3 31. Rf1 d1=Q 32. Bxd1 Rxd1 33. f4 Rxf1+ 34. Kxf1 Bxa4 35. Kf2 Kf7 36. Ke3 Ke6 37. Kd4 Bb5 38. b3 c5+ 39. Ke4 Bc6+ 40. Ke3 b5 41. g4 a4 42. bxa4 bxa4 0-1


[Site "https://www.chess.com"]

[Event "Titled Tuesday Blitz December 06 Early 2022"]
[White "Yaran, Siar"]
[Black "Jiganchine, Roman"]
[WhiteFideId "6323006"]
[BlackFideId "2603667"]
[WhiteElo "2191"]
[BlackElo "2319"]
[Result "1-0"]
[Round "01"]
[TimeControl "180+1"]
[Date "2022.12.07"]
[WhiteClock "0:02:15"]
[BlackClock "0:00:25"]

1. e4 c6 2. d4 d5 3. Nc3 dxe4 4. Nxe4 Nf6 5. Nxf6+ exf6 6. c3 Bd6 7. Bd3 Na6 8. Ne2 Nc7 9. Qc2 h5 10. O-O Nd5 11. a3 a5 12. c4 Nc7 13. b3 O-O 14. h3 Ne6 15. Bb2 Re8 16. Rae1 Bd7 17. Ng3 g6 18. Bxg6 fxg6 19. Qxg6+ Ng7 20. Nxh5 Re7 21. Nxf6+ Kf8 22. Nh7+ Kg8 23. Qxd6 Kxh7 24. Rxe7 1-0


[Site "https://www.chess.com"]

[Event "Titled Tuesday Blitz December 06 Early 2022"]
[White "Yeletsky, Ivan"]
[Black "Viana Da Costa, Fernando"]
[WhiteFideId "24180327"]
[BlackFideId "2111900"]
[WhiteElo "2391"]
[BlackElo "2259"]
[Result "0-1"]
[Round "01"]
[TimeControl "180+1"]
[Date "2022.12.06"]
[WhiteClock "0:01:07"]
[BlackClock "0:01:54"]

1. e4 c5 2. Nf3 Nc6 3. Bb5 e6 4. O-O Nge7 5. Re1 Nd4 6. Nxd4 cxd4 7. c3 Nc6 8. b4 Be7 9. a4 O-O 10. Bf1 dxc3 11. dxc3 d5 12. Qc2 Bf6 13. Bb2 Qc7 14. Bd3 Nxb4 15. cxb4 Qxc2 16. Bxc2 Bxb2 17. Ra2 Bf6 0-1


[Site "https://www.chess.com"]

[Event "Titled Tuesday Blitz December 06 Early 2022"]
[White "Yeremyan, Alen"]
[Black "Forgacs, Attila Jr."]
[WhiteFideId "13308998"]
[BlackFideId "773654"]
[WhiteElo "2159"]
[BlackElo "2168"]
[Result "1-0"]
[Round "01"]
[TimeControl "180+1"]
[Date "2022.12.07"]
[WhiteClock "0:00:25"]
[BlackClock "0:00:19"]

1. e4 e5 2. Nf3 Nc6 3. c3 d5 4. exd5 Qxd5 5. d3 Bg4 6. Be2 Nf6 7. O-O O-O-O 8. Be3 e4 9. dxe4 Qxd1 10. Rxd1 Rxd1+ 11. Bxd1 Nxe4 12. h3 Bh5 13. Bc2 Bxf3 14. gxf3 Nf6 15. Bf5+ Kb8 16. Nd2 g6 17. Bc2 Nd5 18. Rd1 Nxe3 19. fxe3 Bc5 20. Kf2 Re8 21. Nc4 b5 22. Rd5 bxc4 23. Rxc5 Kb7 24. Rxc4 Rd8 25. Be4 Rd2+ 26. Kg3 Rd6 27. b4 Kb6 28. Bxc6 Rxc6 29. Rxc6+ Kxc6 30. c4 Kd6 31. Kf4 f6 32. Ke4 Ke6 33. Kd4 Kd6 34. a4 Kc6 35. b5+ Kb6 36. Kd5 Ka5 37. Kc6 Kxa4 38. e4 g5 39. Kxc7 Kb4 40. Kd6 Kxc4 41. Ke6 Kxb5 42. Kxf6 a5 43. e5 a4 44. e6 a3 45. e7 Kb4 46. e8=Q a2 47. Qe5 Kb3 48. Qa1 h5 49. Kxg5 h4 50. Kxh4 Ka3 51. Qc3+ Ka4 52. Qb2 Ka5 53. Qxa2+ Kb5 54. Qc2 Kb4 55. f4 Kb5 56. f5 Kb4 57. f6 Kb5 58. f7 Kb4 59. f8=Q+ Kb5 60. Qb8+ Ka5 61. Qa2# 1-0


[Site "https://www.chess.com"]

[Event "Titled Tuesday Blitz December 06 Early 2022"]
[White "Yirik, Volkan"]
[Black "Czopor, Maciej"]
[WhiteFideId "6300782"]
[BlackFideId "21805431"]
[WhiteElo "1902"]
[BlackElo "2324"]
[Result "0-1"]
[Round "01"]
[TimeControl "180+1"]
[Date "2022.12.07"]
[WhiteClock "0:00:44"]
[BlackClock "0:00:29"]

1. e4 g6 2. Nc3 Bg7 3. d4 c6 4. Be3 d5 5. f3 Nf6 6. Bd3 O-O 7. e5 Ne8 8. Nge2 f6 9. f4 Nc7 10. O-O b6 11. Qd2 Bb7 12. Ng3 Nd7 13. Rae1 c5 14. b3 Ne6 15. Nce2 fxe5 16. fxe5 cxd4 17. Nxd4 Nxd4 18. Bxd4 e6 19. Qe3 Qc7 20. h4 Rxf1+ 21. Kxf1 Rf8+ 22. Kg1 Qd8 23. h5 Qh4 24. hxg6 Bh6 25. gxh7+ Kh8 26. Qf2 Rxf2 27. Bxf2 Qg5 28. Bb5 Nf8 29. Re2 Nxh7 30. Be3 Qxe3+ 31. Rxe3 Bxe3+ 32. Kf1 Bf4 33. Nh5 Bxe5 34. Bd7 Ng5 0-1


[Site "https://www.chess.com"]

[Event "Titled Tuesday Blitz December 06 Early 2022"]
[White "Zaichenko, Daria"]
[Black "Lamaze, Simon"]
[WhiteFideId "4197453"]
[BlackFideId "36069264"]
[WhiteElo "2039"]
[BlackElo "2272"]
[Result "0-1"]
[Round "01"]
[TimeControl "180+1"]
[Date "2022.12.07"]
[WhiteClock "0:01:50"]
[BlackClock "0:01:08"]

1. e4 c5 2. Nf3 Nc6 3. d4 cxd4 4. Nxd4 Nf6 5. Nc3 d6 6. Be3 Ng4 7. Bc1 Qb6 8. Nce2 e5 9. f3 exd4 10. fxg4 Bxg4 11. h3 Bh5 12. g4 Bg6 13. Bg2 Be7 14. b3 O-O 15. Ng3 Bh4 16. Kf2 d3+ 17. Be3 Bxg3+ 18. Kf3 Ne5+ 19. Kxg3 Qxe3+ 20. Kh2 d2 21. Rf1 Bxe4 22. Bxe4 Qxe4 23. Rf2 f5 24. g5 Qe3 25. Qe2 Qxe2 26. Rxe2 f4 27. Rf1 Rac8 28. Rxd2 Rc3 29. Rxd6 Rxc2+ 30. Kh1 f3 31. Re6 Nd3 32. Re3 Nf2+ 0-1


[Site "https://www.chess.com"]

[Event "Titled Tuesday Blitz December 06 Early 2022"]
[White "Zaksaite, Salomeja"]
[Black "Sadubayev, Airat"]
[WhiteFideId "12801496"]
[BlackFideId "13713264"]
[WhiteElo "2079"]
[BlackElo "2160"]
[Result "0-1"]
[Round "01"]
[TimeControl "180+1"]
[Date "2022.12.07"]
[WhiteClock "0:00:01"]
[BlackClock "0:00:47"]

1. e4 c6 2. d4 d5 3. exd5 cxd5 4. Bd3 Nc6 5. c3 Nf6 6. h3 g6 7. Nf3 Bf5 8. Be2 e6 9. O-O Bd6 10. Nbd2 h5 11. Re1 O-O 12. Nf1 Ne4 13. Ne3 g5 14. Nxf5 exf5 15. Bd3 g4 16. Bxe4 fxe4 17. hxg4 exf3 18. Qxf3 Qh4 19. gxh5 Rae8 20. Be3 Re4 21. g3 Qh3 22. Qg2 Qxh5 23. c4 Rfe8 24. cxd5 Nxd4 25. Red1 Ne2+ 26. Kf1 Nxg3+ 27. Ke1 Rxe3+ 0-1


[Site "https://www.chess.com"]

[Event "Titled Tuesday Blitz December 06 Early 2022"]
[White "Zaragatski, Ilja"]
[Black "Hansen, Eric"]
[WhiteFideId "4655192"]
[BlackFideId "2606771"]
[WhiteElo "2460"]
[BlackElo "2568"]
[Result "0-1"]
[Round "01"]
[TimeControl "180+1"]
[Date "2022.12.06"]
[WhiteClock "0:00:02"]
[BlackClock "0:00:34"]

1. g3 d5 2. Nf3 c6 3. Bg2 Bg4 4. c4 e6 5. cxd5 exd5 6. Qb3 Qb6 7. Qc2 Nd7 8. d3 Ngf6 9. O-O Bc5 10. Nc3 Qa6 11. e4 O-O 12. h3 Bh5 13. Nh4 Ne5 14. exd5 Nxd3 15. dxc6 bxc6 16. Bg5 Nd5 17. Na4 Bd4 18. Rab1 h6 19. Bd2 Be2 20. Nf5 Bf6 21. Nc5 Nxc5 22. Qxc5 Bd3 0-1


[Site "https://www.chess.com"]

[Event "Titled Tuesday Blitz December 06 Early 2022"]
[White "monkins"]
[Black "Pajeken, Jakob Leon"]
[BlackFideId "12942839"]
[WhiteElo "2234"]
[BlackElo "2414"]
[Result "0-1"]
[Round "01"]
[TimeControl "180+1"]
[Date "2022.12.07"]
[WhiteClock "0:00:06"]
[BlackClock "0:00:36"]

1. Nf3 d5 2. c4 dxc4 3. e3 Nf6 4. Bxc4 e6 5. d4 c5 6. O-O Nc6 7. Nc3 a6 8. d5 Na5 9. b3 b5 10. Be2 exd5 11. Bb2 Be7 12. Rc1 O-O 13. h3 h6 14. Qd3 Be6 15. Rfd1 Nc6 16. a3 Qa5 17. Qb1 Rfd8 18. Bd3 d4 19. exd4 Bxb3 20. Re1 cxd4 21. Ne4 Bd5 22. Nc5 Bxc5 23. Rxc5 Bxf3 24. gxf3 Qb6 25. Rec1 Na5 26. Be4 Rab8 27. Ba1 Qe6 28. Re1 Qxh3 29. Rc7 Nc4 30. Qd3 Ne5 31. Qe2 Nh5 32. Qf1 Nxf3+ 33. Bxf3 Qxf3 34. Qg2 Qxg2+ 35. Kxg2 Nf4+ 36. Kf3 Ne6 37. Ra7 Rb6 38. Rd1 d3 39. Ke3 Rbd6 40. Be5 Rd5 41. f4 f6 42. Bc3 Nc5 43. Bb4 Re8+ 44. Kd2 Re2+ 45. Kc3 Rc2# 0-1


[Site "https://www.chess.com"]

[Event "Titled Tuesday Blitz December 06 Early 2022"]
[White "sabkeIXO"]
[Black "Chigaev, Maksim"]
[BlackFideId "4108116"]
[WhiteElo "2501"]
[BlackElo "2542"]
[Result "0-1"]
[Round "01"]
[TimeControl "180+1"]
[Date "2022.12.06"]
[WhiteClock "0:01:37"]
[BlackClock "0:01:16"]

1. e4 c5 2. Nc3 Nc6 3. f4 e6 4. Nf3 a6 5. g3 d5 6. d3 Nf6 7. Bg2 dxe4 8. dxe4 Qxd1+ 9. Kxd1 e5 10. f5 Nd4 11. Nxd4 cxd4 12. Na4 Nd7 13. b3 b5 14. Nb2 Bb7 15. Nd3 Bd6 16. Bg5 h6 17. Bd2 Ke7 18. Bb4 Bxb4 19. Nxb4 Nc5 20. Re1 a5 21. Nd3 Nxd3 22. cxd3 Rhc8 23. Kd2 Rc3 24. Rec1 b4 25. h4 a4 26. Rxc3 bxc3+ 27. Kc2 axb3+ 28. Kxb3 Ba6 29. Kc2 Rb8 30. Rb1 Bxd3+ 0-1


[Site "https://www.chess.com"]

[Event "Titled Tuesday Blitz December 06 Early 2022"]
[White "Agasarov, Benik"]
[Black "Fernandez Hernandez, Gerardo"]
[WhiteFideId "13314823"]
[BlackFideId "2207400"]
[WhiteElo "2179"]
[BlackElo "2206"]
[Result "1-0"]
[Round "02"]
[TimeControl "180+1"]
[Date "2022.12.07"]
[WhiteClock "0:01:33"]
[BlackClock "0:00:02"]

1. d4 Nf6 2. c4 c5 3. d5 b5 4. Nf3 b4 5. a3 g6 6. axb4 cxb4 7. Bd2 Qb6 8. Be3 Qc7 9. Nbd2 Bg7 10. Bd4 O-O 11. e4 d6 12. e5 Ng4 13. exd6 exd6 14. Bxg7 Kxg7 15. Be2 Nd7 16. O-O Re8 17. Re1 a5 18. h3 Nge5 19. Bf1 Ba6 20. b3 Nxf3+ 21. Qxf3 Nc5 22. Ne4 Nxe4 23. Rxe4 Kf8 24. Rae1 Rxe4 25. Qxe4 Rd8 26. h4 h5 27. Qd4 Kg8 28. Qf6 Bc8 29. Re7 Bd7 30. Qxf7+ 1-0


[Site "https://www.chess.com"]

[Event "Titled Tuesday Blitz December 06 Early 2022"]
[White "Aggelis, Nikolaos"]
[Black "Abasov, Nijat"]
[WhiteFideId "4213220"]
[BlackFideId "13402960"]
[WhiteElo "2189"]
[BlackElo "2546"]
[Result "0-1"]
[Round "02"]
[TimeControl "180+1"]
[Date "2022.12.07"]
[WhiteClock "0:00:21"]
[BlackClock "0:00:15"]

1. d4 Nf6 2. g3 d5 3. Nf3 Bf5 4. c4 Nc6 5. Na3 e6 6. Bg2 Bxa3 7. bxa3 dxc4 8. O-O O-O 9. a4 Qd5 10. Ne5 Be4 11. f3 Nxd4 12. fxe4 Qxe5 13. Bf4 Qc5 14. Kh1 Rad8 15. Rb1 b6 16. Qe1 Ng4 17. h3 Ne5 18. e3 Ndc6 19. Rb5 Qd6 20. Qc3 f6 21. Rc1 a6 22. Rbb1 Qd2 23. Bf1 Qxc3 24. Rxc3 g5 25. Bxe5 Nxe5 26. Bxc4 Nxc4 27. Rxc4 Rf7 28. Rbc1 Rd2 29. Rxc7 Rxa2 30. Rxf7 Kxf7 31. Rc7+ Kg6 32. Rc6 Rxa4 33. Rxe6 b5 34. e5 Kf5 35. Rxf6+ Kxe5 36. Rh6 Ke4 37. Rxh7 Kf3 38. Rf7+ Kxg3 39. Rf6 Ra1+ 0-1


[Site "https://www.chess.com"]

[Event "Titled Tuesday Blitz December 06 Early 2022"]
[White "Albertini, Luca"]
[Black "Godzwon, Iwo"]
[WhiteFideId "847038"]
[BlackFideId "21802483"]
[WhiteElo "2207"]
[BlackElo "2284"]
[Result "1/2-1/2"]
[Round "02"]
[TimeControl "180+1"]
[Date "2022.12.07"]
[WhiteClock "0:00:10"]
[BlackClock "0:00:08"]

1. e4 c5 2. Nf3 Nc6 3. d4 cxd4 4. Nxd4 Qb6 5. Nb3 Nf6 6. Be3 Qc7 7. N1d2 e6 8. Bb5 a6 9. Bxc6 bxc6 10. O-O d5 11. f3 Be7 12. c4 O-O 13. Rc1 dxe4 14. Nxe4 Nxe4 15. fxe4 c5 16. Qf3 Bb7 17. Qg4 Rfd8 18. Rcd1 a5 19. Bf4 Qb6 20. Be5 f6 21. Rxd8+ Qxd8 22. Qxe6+ Kh8 23. Bc3 a4 24. Nd2 Ra6 25. Qf5 Rd6 26. Nf3 Rd1 27. e5 Rxf1+ 28. Kxf1 Ba6 29. exf6 Bxc4+ 30. Kf2 gxf6 31. Ng5 Bg8 32. Ne4 Kg7 33. a3 Bf7 34. Nxc5 Qb6 35. Bd4 Qc6 36. Qg4+ Bg6 37. Ne6+ Kf7 38. Nf4 Qc2+ 39. Qe2 Qf5 40. g3 Bd6 41. Qc4+ Kg7 42. Be3 Qc2+ 43. Qxc2 Bxc2 44. Kf3 f5 45. Ne6+ Kf6 46. Nd4 Be4+ 47. Ke2 Ke5 48. Nb5 Be7 49. Bd4+ Kd5 50. Bc3 Kc4 51. Nd4 Bc5 52. Ne6 Bg1 53. Ng5 Bxh2 54. g4 Bd3+ 55. Kf3 fxg4+ 56. Kxg4 Bd6 57. Bg7 Bg6 58. Nf3 Kb3 59. Nd2+ Kc2 60. Nc4 Be7 61. Nb6 h5+ 62. Kg3 Kb3 63. Nd5 Bg5 64. Nc7 Bc1 65. Ne6 Bxb2 66. Nc5+ Kxa3 67. Bxb2+ Kxb2 68. Nxa4+ Kb3 69. Nc5+ Kc4 70. Ne6 Kd5 71. Nf4+ Ke5 72. Nxg6+ Kf6 73. Nh4 Kg5 74. Ng2 h4+ 75. Nxh4 1/2-1/2


[Site "https://www.chess.com"]

[Event "Titled Tuesday Blitz December 06 Early 2022"]
[White "Andreev, Konstantin"]
[Black "Drygalov, Sergey"]
[WhiteFideId "24239305"]
[BlackFideId "24171743"]
[WhiteElo "2106"]
[BlackElo "2533"]
[Result "0-1"]
[Round "02"]
[TimeControl "180+1"]
[Date "2022.12.07"]
[WhiteClock "0:01:16"]
[BlackClock "0:02:01"]

1. e4 c5 2. Nf3 d6 3. d4 cxd4 4. Nxd4 Nf6 5. Nc3 a6 6. h4 e5 7. Nb3 Be7 8. Bg5 Be6 9. Bxf6 Bxf6 10. g3 Nc6 11. Qd3 Nd4 12. O-O-O O-O 13. Kb1 b5 14. f4 b4 15. Nxd4 exd4 16. Nd5 Bxd5 17. exd5 Re8 18. Qf5 g6 19. Qg4 h5 20. Qf3 Re3 21. Qf2 a5 22. Bd3 a4 23. g4 a3 24. gxh5 axb2 25. hxg6 Qa5 26. Kxb2 Qxa2+ 27. Kc1 Qa1+ 0-1


[Site "https://www.chess.com"]

[Event "Titled Tuesday Blitz December 06 Early 2022"]
[White "Araujo Sanchez, Josue"]
[Black "Kravtsiv, Martyn"]
[WhiteFideId "6416896"]
[BlackFideId "14113147"]
[WhiteElo "2370"]
[BlackElo "2695"]
[Result "1/2-1/2"]
[Round "02"]
[TimeControl "180+1"]
[Date "2022.12.07"]
[WhiteClock "0:01:33"]
[BlackClock "0:00:07"]

1. c4 e6 2. Nf3 d5 3. e3 Nf6 4. b3 Be7 5. Bb2 O-O 6. Qc2 c5 7. g4 Nc6 8. g5 Ne4 9. h4 Nb4 10. Qd1 dxc4 11. bxc4 b6 12. d3 Nd6 13. a3 Nc6 14. Nbd2 Bb7 15. Rg1 Nf5 16. Qc2 a6 17. h5 b5 18. Bh3 Qd7 19. Bxf5 exf5 20. Qc3 f6 21. h6 g6 22. cxb5 axb5 23. gxf6 Bxf6 24. Qb3+ c4 25. dxc4 Na5 26. Qc2 Bxb2 27. Qxb2 Nxc4 28. Nxc4 bxc4 29. Rd1 Qe7 30. Ng5 Rfd8 31. Rxd8+ Rxd8 32. Ke2 Ba6 33. Qb6 Rd6 34. Qb8+ Qd8 35. Qxd8+ Rxd8 36. Rd1 c3+ 37. Ke1 Rc8 38. Rc1 Bb7 39. Ke2 Ba6+ 40. Ke1 Bb7 41. f3 Rc7 42. Kd1 Bc6 43. Kc2 Ba4+ 44. Kd3 c2 45. Ne6 Rd7+ 46. Nd4 Kf7 47. f4 Kf6 48. Kc4 Rc7+ 49. Kb4 Be8 50. Rxc2 Rxc2 51. Nxc2 g5 52. fxg5+ Kxg5 53. Nd4 Kxh6 54. Nxf5+ Kg5 55. Ng3 Kg4 56. Ne4 Bg6 57. Nf6+ Kf5 58. Nxh7 Bxh7 59. a4 Ke5 60. a5 Be4 61. a6 Bd5 62. a7 Ke4 63. Kc5 Ba8 64. Kb6 Kxe3 65. Kc7 Be4 66. Kb8 Bd5 67. a8=Q Bxa8 1/2-1/2


[Site "https://www.chess.com"]

[Event "Titled Tuesday Blitz December 06 Early 2022"]
[White "Atakhan, Abtin"]
[Black "Oparin, Grigoriy"]
[WhiteFideId "22502203"]
[BlackFideId "24125890"]
[WhiteElo "2189"]
[BlackElo "2641"]
[Result "0-1"]
[Round "02"]
[TimeControl "180+1"]
[Date "2022.12.06"]
[WhiteClock "0:00:06"]
[BlackClock "0:00:28"]

1. d4 Nf6 2. c4 e6 3. Nf3 d5 4. Nc3 Nbd7 5. Bf4 dxc4 6. e3 Bd6 7. Bxc4 Bxf4 8. exf4 O-O 9. O-O b6 10. Qe2 Bb7 11. Ba6 Bxf3 12. Qxf3 c5 13. Rfd1 Qe7 14. Nb5 cxd4 15. Nxd4 Nc5 16. Bb5 a6 17. Bc6 Rac8 18. b4 Ncd7 19. Bb7 Rc7 20. Nc6 Qe8 21. Bxa6 Qa8 22. Ne7+ Kh8 23. Qxa8 Rxa8 24. Bb5 Nf8 25. Nc6 Nd5 26. a4 Nxf4 27. Rac1 Nd5 28. Ne5 Raa7 29. Nd3 g5 30. Rxc7 Rxc7 31. Ra1 Nc3 32. Ba6 Nd7 33. g3 Nf6 34. a5 bxa5 35. Rxa5 Nfd5 36. b5 Nb6 37. Nb4 Rd7 38. Ra1 g4 39. Nc6 Kg7 40. Kg2 Rd2 41. Ne5 f5 42. Bb7 Kf6 43. Re1 Nd1 44. Nc6 Nxf2 45. Kg1 Nd3 46. Rf1 h5 47. Nd4 Ne5 48. Nb3 Rb2 49. Nd4 Rb4 50. Rd1 Nbc4 51. Bc6 Ne3 52. Rd2 N5c4 53. Rd3 e5 54. Nb3 e4 55. Rc3 Ke5 56. Kf2 Nd1+ 0-1


[Site "https://www.chess.com"]

[Event "Titled Tuesday Blitz December 06 Early 2022"]
[White "Atakishiyev, Elmar"]
[Black "Tsyhanchuk, Stanislav"]
[WhiteFideId "13410547"]
[BlackFideId "13505130"]
[WhiteElo "2193"]
[BlackElo "2173"]
[Result "1-0"]
[Round "02"]
[TimeControl "180+1"]
[Date "2022.12.07"]
[WhiteClock "0:00:50"]
[BlackClock "0:00:03"]

1. d4 d5 2. Nf3 Nf6 3. g3 g6 4. Bg2 Bg7 5. O-O O-O 6. c4 c6 7. b3 e6 8. Ba3 Re8 9. Nbd2 a5 10. Rc1 b5 11. cxb5 cxb5 12. Ne5 b4 13. Bb2 Bb7 14. Re1 Ra6 15. Ndf3 Nfd7 16. Nd3 Nc6 17. e3 a4 18. bxa4 Qa5 19. a3 Qxa4 20. axb4 Nxb4 21. Nxb4 Qxb4 22. Bc3 Qa4 23. Bf1 Qxd1 24. Rexd1 Nf6 25. Bxa6 Bxa6 26. Ra1 Bc4 27. Nd2 Rc8 28. Nxc4 dxc4 29. Rdc1 Nd5 30. Ra4 h5 31. e4 Nxc3 32. Rxc3 Bxd4 33. Rcxc4 Rxc4 34. Rxc4 Bf6 35. f4 Kg7 36. e5 Be7 37. Rc7 Kf8 38. Rb7 h4 39. Kg2 hxg3 40. hxg3 Ke8 41. Kf3 Kf8 42. Ke4 Ke8 43. Rb8+ Kd7 44. Rh8 Bd8 45. g4 Ke7 46. Kd3 Bb6 47. Rh3 Bc7 48. Kc4 Bb6 49. Kb5 Ba7 50. Kc6 Bd4 51. Rd3 Bf2 52. Rf3 Be1 53. Rd3 Bf2 54. Rd7+ Ke8 55. Rb7 Bg3 56. Rb4 Ke7 57. Rb7+ Kf8 58. Kd6 Ke8 59. Rb8# 1-0


[Site "https://www.chess.com"]

[Event "Titled Tuesday Blitz December 06 Early 2022"]
[White "Bacrot, Etienne"]
[Black "Lawson, Eric"]
[WhiteFideId "605506"]
[BlackFideId "2604116"]
[WhiteElo "2667"]
[BlackElo "2572"]
[Result "1-0"]
[Round "02"]
[TimeControl "180+1"]
[Date "2022.12.06"]
[WhiteClock "0:01:42"]
[BlackClock "0:00:04"]

1. e4 c5 2. Nf3 Nc6 3. Bb5 g6 4. O-O Bg7 5. Re1 Nf6 6. e5 Nd5 7. Nc3 Nc7 8. Bf1 d5 9. exd6 Qxd6 10. Ne4 Qd5 11. Bc4 Qd8 12. Nxc5 O-O 13. h3 Nd4 14. Nb3 b5 15. Nbxd4 bxc4 16. Nc6 Qd7 17. Nxe7+ Kh8 18. Nxc8 Raxc8 19. d4 cxd3 20. Qxd3 Qxd3 21. cxd3 Rfd8 22. d4 Ne6 23. Rd1 Nxd4 24. Nxd4 Rxd4 25. Be3 Rxd1+ 26. Rxd1 a5 27. Bb6 a4 28. b3 axb3 29. axb3 Rb8 30. Rd8+ Rxd8 31. Bxd8 Bc3 32. Kf1 Bb4 33. Ke2 Kg7 34. Kd3 Kf8 35. Kc4 Be1 36. Bb6 Ke8 37. b4 Kd7 38. b5 Ke6 39. Bc5 f5 40. b6 Kd7 41. Kb5 g5 42. b7 Kc7 43. Ka6 Bb4 44. Bxb4 1-0


[Site "https://www.chess.com"]

[Event "Titled Tuesday Blitz December 06 Early 2022"]
[White "Bashirli, Saadat"]
[Black "Crevatin, Leo"]
[WhiteFideId "13429990"]
[BlackFideId "1726307"]
[WhiteElo "1408"]
[BlackElo "2190"]
[Result "0-1"]
[Round "02"]
[TimeControl "180+1"]
[Date "2022.12.07"]
[WhiteClock "0:02:22"]
[BlackClock "0:02:12"]

1. d4 Nf6 2. c4 e6 3. Nc3 Bb4 4. e3 O-O 5. Bd3 d5 6. a3 Bxc3+ 7. bxc3 dxc4 8. Bxc4 c5 9. Ne2 Qc7 10. Bd3 Nc6 11. O-O e5 12. dxc5 Rd8 13. Qc2 Be6 14. Ng3 h6 15. Bb2 Na5 16. Qa4 Rxd3 17. Ne4 Nxe4 18. Qxe4 Rad8 19. f4 exf4 20. Rxf4 Nc4 21. Raf1 Nxb2 0-1


[Site "https://www.chess.com"]

[Event "Titled Tuesday Blitz December 06 Early 2022"]
[White "Bochnicka, Vladimir"]
[Black "Molina, Roberto Junio Brito"]
[WhiteFideId "14943450"]
[BlackFideId "2109450"]
[WhiteElo "2239"]
[BlackElo "2376"]
[Result "0-1"]
[Round "02"]
[TimeControl "180+1"]
[Date "2022.12.07"]
[WhiteClock "0:00:28"]
[BlackClock "0:01:28"]

1. e4 c6 2. d4 d5 3. e5 Bf5 4. h4 Qb6 5. g4 Bd7 6. Nc3 h5 7. gxh5 Bf5 8. Bh3 Bxh3 9. Nxh3 e6 10. Nf4 Nh6 11. Qd3 Nf5 12. Be3 Bb4 13. O-O-O Qa5 14. Kb1 Bxc3 15. Qxc3 Qxc3 16. bxc3 Nd7 17. Rhg1 Nb6 18. Bc1 Nc4 19. Rg5 O-O-O 20. Rdg1 Rh7 21. a4 Rdh8 22. Ka2 Kd7 23. Ba3 Ke8 24. Bb4 b6 25. a5 Kd7 26. axb6 axb6 27. Kb3 Ra8 28. Nd3 Kc7 29. Nb2 Nd2# 0-1


[Site "https://www.chess.com"]

[Event "Titled Tuesday Blitz December 06 Early 2022"]
[White "Bon, Michael"]
[Black "Guzman, Christopher"]
[WhiteFideId "620696"]
[BlackFideId "6405096"]
[WhiteElo "2370"]
[BlackElo "2272"]
[Result "1-0"]
[Round "02"]
[TimeControl "180+1"]
[Date "2022.12.07"]
[WhiteClock "0:00:14"]
[BlackClock "0:01:23"]

1. e4 e5 2. Nf3 Nc6 3. Bc4 Nf6 4. d3 Be7 5. c3 O-O 6. h3 d6 7. Bb3 Na5 8. Bc2 c5 9. g4 Qc7 10. Nbd2 b5 11. Nf1 d5 12. Ng3 dxe4 13. dxe4 Rd8 14. Qe2 Nc4 15. Nf5 Be6 16. g5 Ne8 17. h4 Ned6 18. h5 Bf8 19. g6 h6 20. Rg1 f6 21. b3 Nb6 22. N3h4 Nxf5 23. Nxf5 c4 24. b4 a5 25. Nxh6+ gxh6 26. g7 Bxg7 27. Bxh6 Rd7 28. Qf3 Rf7 29. O-O-O axb4 30. Bxg7 Rxg7 31. Qxf6 Bg4 32. h6 Rf8 33. Qxg7+ Qxg7 34. hxg7 Rf4 35. Rd8+ Kxg7 36. Bd1 bxc3 37. Rxg4+ Kf6 38. Rxf4+ exf4 39. Rd6+ Ke5 40. Rxb6 Kxe4 41. f3+ Kd3 42. Rxb5 Kd4 43. Bc2 Ke3 44. Be4 Kf2 45. Rb6 c2 46. Rc6 c3 47. Rxc3 Kg3 48. Rxc2 Kh3 49. Kb2 Kg3 50. a4 Kh3 51. a5 Kg3 52. a6 1-0


[Site "https://www.chess.com"]

[Event "Titled Tuesday Blitz December 06 Early 2022"]
[White "Borgaonkar Akshay"]
[Black "Makhmudov, Shukhrat"]
[WhiteFideId "25639110"]
[BlackFideId "14200775"]
[WhiteElo "2063"]
[BlackElo "2135"]
[Result "1-0"]
[Round "02"]
[TimeControl "180+1"]
[Date "2022.12.07"]
[WhiteClock "0:01:35"]
[BlackClock "0:00:03"]

1. c3 c5 2. e4 d5 3. exd5 Qxd5 4. Nf3 Nc6 5. Na3 Bg4 6. Bc4 Qe4+ 7. Qe2 Bxf3 8. gxf3 Qxe2+ 9. Bxe2 a6 10. d3 e5 11. Nc4 b5 12. Nb6 Rb8 13. Nd5 Bd6 14. f4 Nge7 15. Nxe7 Nxe7 16. fxe5 Bxe5 17. Be3 Bd6 18. O-O-O O-O 19. d4 c4 20. Bf3 Ng6 21. Rdg1 Bf4 22. h4 Rfe8 23. h5 Bxe3+ 24. fxe3 Rxe3 25. hxg6 Rxf3 26. gxh7+ Kh8 27. Re1 Rf6 28. Re7 g6 29. Rd7 Kg7 30. Rb7 Rh8 31. a4 bxa4 32. Rb4 a3 33. bxa3 Rc6 34. Rb7 Rf6 35. Rc7 Rxh7 36. Rxh7+ Kxh7 37. Rxc4 g5 38. d5 Kg6 39. Rd4 1-0


[Site "https://www.chess.com"]

[Event "Titled Tuesday Blitz December 06 Early 2022"]
[White "Boros, Denes"]
[Black "Golizadeh, Asghar"]
[WhiteFideId "722340"]
[BlackFideId "12505269"]
[WhiteElo "2464"]
[BlackElo "2403"]
[Result "1-0"]
[Round "02"]
[TimeControl "180+1"]
[Date "2022.12.07"]
[WhiteClock "0:01:47"]
[BlackClock "0:00:32"]

1. d4 Nf6 2. Nc3 d5 3. Nf3 c5 4. Bf4 e6 5. e3 cxd4 6. exd4 a6 7. Bd3 Bd6 8. Bg5 Nbd7 9. Ne2 O-O 10. c3 b5 11. Qc2 h6 12. Bf4 Qc7 13. Bxd6 Qxd6 14. g4 Nxg4 15. Rg1 Nxh2 16. Nxh2 Qxh2 17. O-O-O Qxf2 18. Qd2 Qh4 19. Rh1 Qf6 20. Rdg1 Kh8 21. Nf4 Qe7 22. Rxg7 e5 23. Ng6+ Kxg7 24. Qxh6+ Kf6 25. Nxf8# 1-0


[Site "https://www.chess.com"]

[Event "Titled Tuesday Blitz December 06 Early 2022"]
[White "Buksa, Nataliya"]
[Black "Sjugirov, Sanan"]
[WhiteFideId "14123622"]
[BlackFideId "4189302"]
[WhiteElo "2303"]
[BlackElo "2613"]
[Result "0-1"]
[Round "02"]
[TimeControl "180+1"]
[Date "2022.12.06"]
[WhiteClock "0:00:05"]
[BlackClock "0:00:26"]

1. d4 Nf6 2. Nc3 d5 3. Bf4 e6 4. Nb5 Na6 5. e3 Be7 6. Nf3 O-O 7. Be2 c5 8. O-O Bd7 9. a4 c4 10. b3 cxb3 11. cxb3 Bxb5 12. Bxb5 Nb4 13. Rc1 Rc8 14. Rxc8 Qxc8 15. Qc1 a6 16. Be2 Ne4 17. Bc7 Na2 18. Qc2 Nb4 19. Qc1 f6 20. h3 Qd7 21. Ba5 Rc8 22. Qe1 Qd6 23. Nd2 Nc3 24. Bg4 f5 25. Bf3 b6 26. Bxb4 Qxb4 27. Bd1 Qa3 28. Nf3 Bb4 29. Ne5 Qa1 30. Bf3 Qa2 31. Nd3 Bd6 32. Bd1 Qb1 0-1


[Site "https://www.chess.com"]